AoeStats
← Sophie[PrettyCool]

Arena

506005136Analyzed
1v1 RM · 21d ago on Sep 12, 2026· 41m 46s· 2 players
Game mode
Random Map
Map size
Tiny (2 player)
Population
200
Speed
Normal
Resources
Standard
Victory
Conquest
Starting age
Dark Age
Ending age
Imperial Age
RankedLock teamsTeams togetherTeam positionsShared explorationLock speedFull tech treeHidden civsTurbo modeCheats
Victory
Defeat
🇧🇷 Jurchens · Brazil
713
+18
🇦🇺 Bohemians · Australia
762
-18
Sophie[PrettyCool]
13:38 Feudal Age
17:50 Wheelbarrow
19:16 Castle Age
19:41 Scale Mail Armor
20:26 Padded Archer Armor
22:47 Double-Bit Axe
24:44 Bow Saw
24:17 Horse Collar
24:49 Fervor
25:00 Sanctity
25:23 Hand Cart
24:38 Pikeman
25:47 Chain Mail Armor
26:03 Forging
26:01 Elite Skirmisher
26:52 Fletching
27:05 Heavy Plow
31:45 Chemistry
31:02 Masonry
32:44 Fortified Wall
33:24 Iron Casting
33:43 Town Watch
35:07 Bodkin Arrow
36:38 Ballistics
44:10 Imperial Age
SuperDog
0:28 Loom
11:16 Feudal Age
12:52 Wheelbarrow
12:06 Double-Bit Axe
12:05 Horse Collar
20:31 Castle Age
18:45 Stone Mining
19:31 Fletching
19:51 Forging
20:05 Gold Mining
21:41 Squires
21:55 Heavy Plow
21:58 Gambesons
23:25 Bow Saw
25:15 Gold Shaft Mining
27:07 Stone Shaft Mining
27:07 Murder Holes
27:33 Ballistics
30:50 Hand Cart
34:32 Imperial Age
33:03 Masonry
32:35 Treadmill Crane
33:23 Siege Engineers
34:28 Fervor
34:56 Fortified Wall
34:20 Pikeman
34:46 Arson
35:42 Conscription
35:58 Hoardings
36:40 Arrowslits
40:34 Crop Rotation
40:36 Architecture
43:09 Two-Man Saw
Connection lost

Rejoining the realm…

Still unreachable

The connection could not be restored.

Session expired

The server has moved on; the page needs a fresh start.